[Event "Vetern-SM 50+ 2025"]
[Site "Uppsala, Sweden"]
[Date "2025.06.28"]
[Round "1.2"]
[White "Ivarsson, Anders"]
[Black "Vernersson, Per"]
[Result "0-1"]
[TimeControl "90 min for 40 move + 30 min with an increment of 30 sec starting move 1"]
[WhiteFideId "1768158"]
[BlackFideId "1700863"]
[WhiteElo "1987"]
[BlackElo "2258"]

1. Nf3 Nf6 2. c4 e6 3. d4 d5 4. Nc3 Be7 5. g3 O-O 6. Bg2 dxc4 7. Ne5 c5 8. dxc5 Qc7 9. Nxc4 Bxc5 10.
Qb3 Nc6 11. e3 a6 12. O-O b5 13. Nd2 Bb7 14. Nce4 Be7 15. Nxf6+ Bxf6 16. Ne4 Be7 17. Bd2 Ne5 18. Rac1 Qb8 19. Qc2 Rc8 20. Qb1 f5 21.
Rxc8+ Qxc8 22. Bc3 Nd7 23. Nd2 Bxg2 24. Kxg2 b4 25. Bd4 e5 26. Qxf5 Qc6+ 27. Qf3 Qxf3+ 28. Nxf3 exd4 29. Nxd4 Rc8 30.
Rd1 Nb6 31. Rd2 Bf6 32. Nf5 Nc4 33. Re2 Rd8 34. b3 Na3 35. e4 g6 36. Ne3 Nb5 37. Nd5 Nc3 38. Rd2 Kf7 39. f3 a5 40.
Kf2 Bg5 41. Rd3 Nxa2 42. f4 Be7 43. Rf3 Rc8 44. h4 Rc2+ 45. Ke3 Nc1 46. Kd4 Bc5+ 47. Ke5 Rf2 48. Rxf2 Nd3# 0-1

[Event "Vetern-SM 50+ 2025"]
[Site "Uppsala, Sweden"]
[Date "2025.06.28"]
[Round "1.3"]
[White "Olsson, Pether"]
[Black "Ljung, Rickard"]
[Result "1-0"]
[TimeControl "90 min for 40 move + 30 min with an increment of 30 sec starting move 1"]
[WhiteFideId "1726820"]
[BlackFideId "1740156"]
[WhiteElo "2160"]
[BlackElo "1972"]

1. d4 d6 2. Bf4 Nf6 3. Nc3 g6 4. e4 Bg7 5. Qd2 Nc6 6. Nf3 Bg4 7. d5 Bxf3 8. gxf3 Nb8 9. Bh6 O-O 10.
O-O-O Nbd7 11. h4 Bxh6 12. Qxh6 Kh8 13. Be2 Rg8 14. Qe3 a6 15. f4 b5 16. e5 Ne8 17. h5 dxe5 18. hxg6 fxg6 19.
fxe5 Nf8 20. Ne4 Ng7 21. Ng5 Nf5 22. Qh3 Rg7 23. f4 Qe8 24. Bg4 Qc8 25. Rd2 a5 26. Rdh2 c6 27. Nxh7 Nxh7 28.
Qxh7+ Rxh7 29. Rxh7+ Kg8 30. Rh8+ Kf7 31. R1h7+ Ng7 32. Bxc8 Rb8 33. Be6# 1-0

[Event "Vetern-SM 50+ 2025"]
[Site "Uppsala, Sweden"]
[Date "2025.06.28"]
[Round "1.4"]
[White "Hedin, Niclas"]
[Black "Uneson, Marcus"]
[Result "1-0"]
[TimeControl "90 min for 40 move + 30 min with an increment of 30 sec starting move 1"]
[WhiteFideId "1720708"]
[BlackFideId "1730509"]
[WhiteElo "1953"]
[BlackElo "2118"]

1. d4 e6 2. Nf3 Nf6 3. Bg5 d5 4. e3 c6 5. Nbd2 h6 6. Bh4 Nbd7 7. Bd3 Be7 8. O-O O-O 9. c4 c5 10.
Rc1 cxd4 11. Nxd4 Nc5 12. Bb1 dxc4 13. Nxc4 Nfe4 14. Bxe7 Qxe7 15. b4 e5 16.
bxc5 exd4 17. exd4 f5 18. Re1 Qh4 19. f3 Ng5 20. Ne5 Be6 21. Ng6 Nh3+ 22. gxh3 Qg5+ 23. Kh1 Qxg6 24. d5 Bd7 25. f4 Bc6 26. Rg1 Qxg1+ 27. Kxg1 Rad8 28. dxc6 1-0

[Event "Vetern-SM 50+ 2025"]
[Site "Uppsala, Sweden"]
[Date "2025.06.28"]
[Round "1.5"]
[White "Brandberg, Joakim"]
[Black "Helin, Mikael"]
[Result "1/2-1/2"]
[TimeControl "90 min for 40 move + 30 min with an increment of 30 sec starting move 1"]
[BlackTitle "CM"]
[WhiteFideId "1712276"]
[BlackFideId "1703838"]
[WhiteElo "2111"]
[BlackElo "1929"]

1. c4 d6 2. Nc3 g6 3. g3 Bg7 4. Bg2 c5 5. d3 Nc6 6. a3 e5 7. e3 Nge7 8. Nge2 O-O 9. O-O Rb8 10. Rb1 Bf5 11. b4 Qd7 12. b5 Na5 13. e4 Bh3 14. Bd2 b6 15. a4 h6 16. f4 Bxg2 17.
Kxg2 f5 18. Nd5 Nxd5 19. cxd5 Nb7 20.
Qc1 Kh7 21. Qc4 Rbe8 22. Rbe1 Re7 23. h3 Rfe8 24. Qc2 Rc8 25. Qc4 Rce8 26. Qc2 1/2-1/2

[Event "Vetern-SM 50+ 2025"]
[Site "Uppsala, Sweden"]
[Date "2025.06.28"]
[Round "1.6"]
[White "Karlsson, Patrik"]
[Black "Johansen, Peter"]
[Result "1-0"]
[TimeControl "90 min for 40 move + 30 min with an increment of 30 sec starting move 1"]
[WhiteFideId "1710834"]
[BlackFideId "1723944"]
[WhiteElo "1923"]
[BlackElo "2104"]

1. e4 e6 2. d4 d5 3. e5 c5 4. c3 Nc6 5. Nf3 Qb6 6. Bd3 Bd7 7. O-O cxd4 8. Nbd2 dxc3 9. bxc3 Qc7 10.
Qe2 Nge7 11. Re1 Ng6 12. Nb3 Be7 13. g3 Na5 14. Nxa5 Qxa5 15. Rb1 Rb8 16. Bd2 Bc6 17. Nd4 O-O 18.
h4 Bc5 19. Nb3 Qb6 20. Nxc5 Qxc5 21. h5 Ne7 22. Qg4 f5 23. Qh4 Rf7 24. c4 dxc4 25. Bxc4 Nd5 26. Rec1 Qe7 27. Bg5 Qd7 28.
Qd4 b5 29. Bb3 h6 30. Bh4 Rb6 31. Rc5 Qb7 32. Rbc1 a5 33. a4 bxa4 34. Bxa4 Nb4 35. Bxc6 Rxc6 36. Rxc6 Nxc6 37. Qd6 1-0

[Event "Vetern-SM 50+ 2025"]
[Site "Uppsala, Sweden"]
[Date "2025.06.28"]
[Round "1.7"]
[White "Persson, Lars"]
[Black "Tobiasson, Bjorn"]
[Result "1/2-1/2"]
[TimeControl "90 min for 40 move + 30 min with an increment of 30 sec starting move 1"]
[WhiteFideId "1703579"]
[BlackFideId "1773682"]
[WhiteElo "2041"]
[BlackElo "1884"]

1. d4 Nf6 2. c4 c6 3. Nc3 d5 4. cxd5 cxd5 5. Bf4 Nc6 6. e3 a6 7. Nf3 Bg4 8. Be2 Bxf3 9. Bxf3 e6 10. O-O Bd6 11. Bxd6 Qxd6 12. Na4 O-O 13. Rc1 Na5 14. b3 Rfc8 15. Qd2 b6 16. Rxc8+ Rxc8 17. Rc1 Rc7 18. Rc3 Nd7 19. Qc1 Rxc3 20. Qxc3 Qc6 21. Be2 Qxc3 22. Nxc3 b5 23. Kf1 Kf8 24. Ke1 Ke7 25. Kd2 Kd6 26. Kc2 Nc6 27. a4 b4 28. Na2 a5 29. Nc1 Na7 30. Nd3 f6 31. Ne1 e5 32. Bg4 Nc6 33. Bxd7 Kxd7 34. Kd3 1/2-1/2

[Event "Vetern-SM 50+ 2025"]
[Site "Uppsala, Sweden"]
[Date "2025.06.28"]
[Round "1.8"]
[White "Lundberg, Daniel"]
[Black "Bergfalk, Jonas"]
[Result "1/2-1/2"]
[TimeControl "90 min for 40 move + 30 min with an increment of 30 sec starting move 1"]
[WhiteFideId "1759264"]
[BlackFideId "1703986"]
[WhiteElo "1838"]
[BlackElo "2030"]

1. Nf3 Nf6 2. g3 g6 3. b3 Bg7 4. Bb2 d5 5. Bg2 O-O 6. O-O c5 7. c4 Nc6 8. cxd5 Nxd5 9. Bxg7 Kxg7 10. Qc2 Qd6 11. Nc3 b6 12. Nxd5 Qxd5 13. Qc3+ f6 14. Ne5 Qxe5 15. Qxe5 fxe5 16. Bxc6 Rb8 17. Rac1 Be6 18. d3 Rbd8 19. h4 Rd4 20. Be4 Bf5 21. f3 Rfd8 22. Bxf5 gxf5 23. f4 e4 24. dxe4 Rxe4 25. Rc2 Kf6 26. Kg2 Red4 27. Rf2 e5 28. fxe5+ Kxe5 29. e3 Rd3 30. Kf3 Rd1 31. g4 fxg4+ 32. Kxg4 Ke4 33. Rf7 R8d7 34. Rcf2 R1d2 35. R2f4+ Kxe3 36. Rf3+ Ke4 37. R3f4+ Ke5 38. R4f5+ Ke4 39. Rf4+ 1/2-1/2

[Event "Vetern-SM 50+ 2025"]
[Site "Uppsala, Sweden"]
[Date "2025.06.29"]
[Round "2.1"]
[White "Vernersson, Per"]
[Black "Hedin, Niclas"]
[Result "1-0"]
[TimeControl "90 min for 40 move + 30 min with an increment of 30 sec starting move 1"]
[WhiteFideId "1700863"]
[BlackFideId "1720708"]
[WhiteElo "2258"]
[BlackElo "1953"]

1. d4 d5 2. c4 c6 3. Nf3 Nf6 4. Nc3 e6 5. e3 Nbd7 6. Qc2 Bd6 7. Be2 O-O 8. O-O dxc4 9. a4 a5 10.
Bxc4 Nb6 11. Bb3 Nbd5 12. e4 Nb4 13. Qe2 Be7 14. Rd1 b6 15. e5 Nfd5 16. Qe4 Ra7 17. Qg4 Kh8 18. Bg5 f6 19.
exf6 gxf6 20. Bh6 Rg8 21. Qh5 Bf8 22. g3 e5 23. h3 Bxh6 24. Qxh6 Rg6 25. Qh4 e4 26. Ne5 Rg5 27. Nxe4 Rg8 28.
Bxd5 cxd5 29. Nxf6 Rgg7 30. Kh2 Rac7 31. Rac1 Bf5 32. Rxc7 Qxc7 33. Qh5 Bg6 34. Nxg6+ Rxg6 35. Rc1 1-0

[Event "Vetern-SM 50+ 2025"]
[Site "Uppsala, Sweden"]
[Date "2025.06.29"]
[Round "2.2"]
[White "Gamback, Bjorn"]
[Black "Olsson, Pether"]
[Result "1/2-1/2"]
[TimeControl "90 min for 40 move + 30 min with an increment of 30 sec starting move 1"]
[WhiteTitle "CM"]
[WhiteFideId "1703161"]
[BlackFideId "1726820"]
[WhiteElo "1996"]
[BlackElo "2160"]

1. Nf3 Nf6 2. c4 b6 3. b3 c5 4. Bb2 Bb7 5. e3 e6 6. Be2 Be7 7. O-O O-O 8. d4 cxd4 9. Nxd4 Na6 10.
Nd2 d5 11. a3 Nc5 12. b4 Nce4 13. cxd5 Nxd2 14. Qxd2 Bxd5 15. Rfd1 Rc8 16. Rac1 Rxc1 17. Qxc1 Qa8 18. f3 Rc8 19.
Qa1 a5 1/2-1/2

[Event "Vetern-SM 50+ 2025"]
[Site "Uppsala, Sweden"]
[Date "2025.06.29"]
[Round "2.3"]
[White "Svensson, Hakan"]
[Black "Karlsson, Patrik"]
[Result "1-0"]
[TimeControl "90 min for 40 move + 30 min with an increment of 30 sec starting move 1"]
[WhiteFideId "1714201"]
[BlackFideId "1710834"]
[WhiteElo "2004"]
[BlackElo "1923"]

1. e4 e5 2. Nf3 Nc6 3. Bb5 Nf6 4. d4 Nxe4 5. dxe5 Nc5 6. O-O Be7 7. Re1 O-O 8. Nc3 a6 9. Bf1 d6 10.
Bf4 dxe5 11. Nxe5 Nxe5 12. Bxe5 Bf6 13. Qf3 Bxe5 14. Rxe5 Nd7 15. Re3 Qf6 16. Qg3 Qb6 17. Nd5 Qxb2 18.
Rae1 Nf6 19. Nxc7 Rb8 20. Ne8 Nxe8 21. Rxe8 1-0

[Event "Vetern-SM 50+ 2025"]
[Site "Uppsala, Sweden"]
[Date "2025.06.29"]
[Round "2.4"]
[White "Gromark, Jonas"]
[Black "Eriksson, Kristian"]
[Result "0-1"]
[TimeControl "90 min for 40 move + 30 min with an increment of 30 sec starting move 1"]
[WhiteFideId "137122733"]
[BlackFideId "1705172"]
[WhiteElo "1822"]
[BlackElo "1998"]

1. c4 Nf6 2. Nc3 e5 3. e4 Bb4 4. g3 O-O 5. d3 c6 6. Nf3 d5 7. cxd5 cxd5 8. exd5 Nxd5 9. Bd2 Nc6 10.
Bg2 Bxc3 11. bxc3 Nb6 12. O-O Qxd3 13. Re1 Bg4 14. Re3 Qd7 15. Qc2 Rad8 16. Bc1 Qd1+ 17. Qxd1 Rxd1+ 18. Ne1 Nc4 19.
Re4 f5 20. Rxg4 Rxe1+ 0-1

[Event "Vetern-SM 50+ 2025"]
[Site "Uppsala, Sweden"]
[Date "2025.06.29"]
[Round "2.5"]
[White "Tobiasson, Bjorn"]
[Black "Brandberg, Joakim"]
[Result "0-1"]
[TimeControl "90 min for 40 move + 30 min with an increment of 30 sec starting move 1"]
[WhiteFideId "1773682"]
[BlackFideId "1712276"]
[WhiteElo "1884"]
[BlackElo "2111"]

1. d4 d5 2. c4 c6 3. Nf3 Nf6 4. g3 Bf5 5. Bg2 e6 6. Nc3 h6 7. O-O Nbd7 8. Qb3 Qb6 9. Na4 Qxb3 10.
axb3 Be7 11. c5 O-O 12. b4 Rfe8 13. b3 Rac8 14. Nc3 a6 15. Ne1 e5 16. dxe5 Nxe5 17. Bf4 Ng6 18. Rd1 Nxf4 19.
gxf4 Bd8 20. Nd3 Bc7 21. e3 Rcd8 22. Ne2 Bg4 23. Rd2 Ne4 24. Rc2 Bf5 25. Nd4 Bd7 26. h4 Ra8 27. Ra1 Rab8 28.
Kh2 Bc8 29. Bh3 Kh7 30. Bxc8 Rbxc8 31. Rg1 Nf6 32. Kh3 g6 33. Nf3 Nd7 34. Nd4 Rg8 35. Rg2 Rce8 36. Rc1 Bd8 37. Nf3 Bf6 38.
Rg4 Bh8 39. Rg2 Ra8 40. Nde5 Bxe5 41. Nxe5 Nxe5 42. fxe5 Rge8 43. f4 a5 44. bxa5 Rxa5 45. h5 Ra3 46. hxg6+ fxg6 47. Rb1 Ra5 48.
Rbg1 g5 49. b4 Ra3 50. Rg3 Rb3 51. Kg4 gxf4 52. exf4 Rg8+ 53. Kh4 Rgxg3 54. Rxg3 Rxg3 55. Kxg3 Kg6 56. e6 Kf6 57. f5 h5 58. Kh4 d4 59. Kxh5 d3 60. Kh6 d2 0-1

[Event "Vetern-SM 50+ 2025"]
[Site "Uppsala, Sweden"]
[Date "2025.06.29"]
[Round "2.6"]
[White "Bergfalk, Jonas"]
[Black "Persson, Lars"]
[Result "0-1"]
[TimeControl "90 min for 40 move + 30 min with an increment of 30 sec starting move 1"]
[WhiteFideId "1703986"]
[BlackFideId "1703579"]
[WhiteElo "2030"]
[BlackElo "2041"]

1. c4 e5 2. Nc3 Nf6 3. Nf3 Nc6 4. g3 Bb4 5. Bg2 O-O 6. O-O d6 7. d3 h6 8. Ne1 Bxc3 9. bxc3 d5 10.
cxd5 Nxd5 11. c4 Nf6 12. Nc2 Be6 13. Rb1 Rb8 14. Ne3 Qd7 15. Re1 Nd4 16. Ba3 Rfd8 17. Bc5 b6 18. Bxd4 exd4 19.
Nf1 Bg4 20. Nd2 Re8 21. Nf3 c5 22. Rb2 Re7 23. e3 dxe3 24. fxe3 Rd8 25. Rd2 Rde8 26. Rde2 Rd8 27. Rd2 Qe8 28.
Rde2 Nd7 29. d4 Bxf3 30. Bxf3 Ne5 31. Bd5 Rxd5 32. cxd5 Nf3+ 33. Kf2 Nxe1 34. Rxe1 cxd4 35. Qxd4 Re4 36.
Qd3 Qa4 37. Re2 Qc4 38. Qxc4 Rxc4 39. Rd2 Kf8 40. Ke2 Ke7 41. Kd3 b5 42. Rf2 f6 43. Rf4 Rxf4 44. gxf4 f5 45. e4 fxe4+ 46. Kxe4 Kd6 47. Kd4 a5 48. Ke4 b4 0-1

[Event "Vetern-SM 50+ 2025"]
[Site "Uppsala, Sweden"]
[Date "2025.06.29"]
[Round "2.7"]
[White "Helin, Mikael"]
[Black "Lundberg, Daniel"]
[Result "1-0"]
[TimeControl "90 min for 40 move + 30 min with an increment of 30 sec starting move 1"]
[WhiteTitle "CM"]
[WhiteFideId "1703838"]
[BlackFideId "1759264"]
[WhiteElo "1929"]
[BlackElo "1838"]

1. e4 c5 2. c4 Nc6 3. Nc3 g6 4. g3 Bg7 5. Bg2 d6 6. Nge2 e6 7. O-O Nge7 8. Rb1 Qd7 9. a3 O-O 10. d3 b6 11. b4 Bb7 12. b5 Nd4 13. Nxd4 cxd4 14. Ne2 d5 15. cxd5 exd5 16. e5 Bxe5 17. Bh6 Rfe8 18. a4 Qd6 19. Bd2 Nf5 20. Nf4 Bxf4 21. Bxf4 Qa3 22. Bg5 Rac8 23. Bh3 Rc3 24. Bxf5 gxf5 25. Qh5 Qd6 26. Qh4 Qg6 27. Qxd4 Rec8 28. h4 f4 29. Rbd1 f3 30. Rfe1 Rc2 31. Re7 R2c7 32. Rde1 Rxe7 33. Rxe7 Ba8 34. Kh2 h6 35. Be3 1-0

[Event "Vetern-SM 50+ 2025"]
[Site "Uppsala, Sweden"]
[Date "2025.06.29"]
[Round "2.8"]
[White "Uneson, Marcus"]
[Black "Ivarsson, Anders"]
[Result "1/2-1/2"]
[TimeControl "90 min for 40 move + 30 min with an increment of 30 sec starting move 1"]
[WhiteFideId "1730509"]
[BlackFideId "1768158"]
[WhiteElo "2118"]
[BlackElo "1987"]

1. e4 c5 2. d4 cxd4 3. c3 Nf6 4. e5 Nd5 5. cxd4 d6 6. exd6 e6 7. Nc3 Bxd6 8. Nf3 Nc6 9. Bc4 Nb6 10. Bb3 O-O 11. O-O h6 12. a3 Ne7 13. Bc2 f5 14. Re1 Nbd5 15. Ne5 Bxe5 16. Rxe5 Nc6 17. Re1 Kh8 18. Be3 Nxe3 19. fxe3 Qg5 20. Qf3 Bd7 21. Rad1 Rae8 22. e4 e5 23. dxe5 Nxe5 24. Qg3 f4 25. Qxg5 hxg5 26. Rf1 Bg4 27. Rc1 a6 28. h3 Bh5 29. Bd1 Bxd1 30. Rcxd1 Nc4 31. Rd7 b5 32. Ra7 Re6 33. a4 bxa4 34. Nxa4 Rxe4 35. Rxa6 Nd2 36. Nc3 Rb4 37. Rf2 Rxb2 38. Rd6 Rc2 39. Rfxd2 Rxc3 40. R6d5 Rg3 41. Kf2 Kh7 42. R2d3 Rxd3 43. Rxd3 Kg6 44. Kf3 Kh5 45. Rd7 Kh6 46. Kg4 Re8 47. Rd6+ g6 48. Rd3 Re2 49. Kf3 Ra2 50. Rb3 Kh5 51. Rb8 Ra3+ 52. Kf2 g4 53. Rh8+ Kg5 54. h4+ Kf5 55. Rf8+ Ke5 56. Re8+ Kd6 1/2-1/2

[Event "Vetern-SM 50+ 2025"]
[Site "Uppsala, Sweden"]
[Date "2025.06.30"]
[Round "3.1"]
[White "Eriksson, Kristian"]
[Black "Vernersson, Per"]
[Result "0-1"]
[TimeControl "90 min for 40 move + 30 min with an increment of 30 sec starting move 1"]
[WhiteFideId "1705172"]
[BlackFideId "1700863"]
[WhiteElo "1998"]
[BlackElo "2258"]

1. e4 c6 2. d4 d5 3. Nc3 dxe4 4. Nxe4 Nd7 5. Qe2 Ndf6 6. Nf3 Nxe4 7. Qxe4 Nf6 8. Qf4 g6 9. Bc4 Bg7 10.
O-O O-O 11. c3 Qd6 12. Re1 Qxf4 13. Bxf4 e6 14. a4 a5 15. Ne5 Rd8 16. Rad1 Bd7 17. Bb3 Be8 18. h3 Bf8 19. Bg5 Be7 20.
Ng4 Nd5 21. Bxe7 Nxe7 22. Ne5 b6 23. f3 Rac8 24. Kf2 Kg7 25. g4 h6 26. Kg3 Rb8 27. Re2 Nd5 28. Nd3 Rdc8 29. Kf2 Nf6 30.
Red2 c5 31. Ne5 cxd4 32. Rxd4 b5 33. R1d2 g5 34. Kg3 Rc7 35. Bd1 Rc5 36. Nd3 Rc7 37. Ne5 Nd5 38. axb5 Ne3 39. Be2 Bxb5 40.
c4 Ba4 41. c5 Bb5 42. Kf2 Nd5 43. Bxb5 Rxb5 44. Nd3 Nb4 45. Nxb4 axb4 46. Rc2 b3 47. Rcd2 Rcxc5 48. Ke3 Rc2 49. R4d3 Kf6 50. Rd7 Re5+ 51.
Kd3 Rc1 52. Kd4 Rc2 53. Rxc2 bxc2 54. Rc7 Re2 55. b4 Rf2 56. Ke3 Rh2 57. b5 Ke5 58. b6 Rh1 59. Rxc2 Rb1 60. Rc7 Rb3+ 61.
Ke2 f5 62. b7 Kf4 63. gxf5 exf5 64. Rh7 Rb2+ 65. Kd3 h5 66. Rxh5 Rxb7 67. h4 gxh4 68. Rxh4+ Kxf3 69. Rh3 Kg4 70. Rh8 Re7 71. Rg8+ Kf3 72.
Rg6 Rd7+ 0-1

[Event "Vetern-SM 50+ 2025"]
[Site "Uppsala, Sweden"]
[Date "2025.06.30"]
[Round "3.2"]
[White "Olsson, Pether"]
[Black "Svensson, Hakan"]
[Result "1-0"]
[TimeControl "90 min for 40 move + 30 min with an increment of 30 sec starting move 1"]
[WhiteFideId "1726820"]
[BlackFideId "1714201"]
[WhiteElo "2160"]
[BlackElo "2004"]

1. d4 d5 2. Bf4 c5 3. e3 cxd4 4. exd4 Nc6 5. c3 Bf5 6. Nd2 e6 7. Qb3 Qd7 8. Ngf3 f6 9. h4 Nh6 10.
h5 Nf7 11. Be2 e5 12. Be3 Be6 13. Qa4 e4 14. Nh4 Bg4 15. Qd1 f5 16. Bxg4 fxg4 17. Qe2 Be7 18. O-O-O O-O-O 19. Kb1 Kb8 20.
g3 Ng5 21. Bxg5 Bxg5 22. Ng2 Qf5 23. Ne3 Bxe3 24. fxe3 Rdf8 25.
Rdf1 Qe6 26. Rf4 Rxf4 27. gxf4 g6 28. Qh2 Ka8 29. Nf1 Ne7 30. Qh4 gxh5 31. Qxh5 Qa6 32. Qxg4 Qd3+ 33. Kc1 Nc6 34.
Qd1 Qc4 35. Kb1 h5 36. Ng3 h4 37. Qf1 Qa4 38. Nf5 h3 39. b3 Qa5 40. Kb2 Rc8 41. Qxh3 Nb4 42. cxb4 Qxb4 43. Qg2 Qc3+ 44.
Kb1 Qd3+ 45. Ka1 a5 46. Qb2 Rc2 47. Qa3 Qc3+ 48. Kb1 Qd3 49. Qxa5+ Kb8 50. Ka1 Rc8 51. Nd6 Rg8 52. Nb5 Qxe3 53. Qa7+ Kc8 54. Qa8+ 1-0

[Event "Vetern-SM 50+ 2025"]
[Site "Uppsala, Sweden"]
[Date "2025.06.30"]
[Round "3.3"]
[White "Brandberg, Joakim"]
[Black "Gamback, Bjorn"]
[Result "0-1"]
[TimeControl "90 min for 40 move + 30 min with an increment of 30 sec starting move 1"]
[BlackTitle "CM"]
[WhiteFideId "1712276"]
[BlackFideId "1703161"]
[WhiteElo "2111"]
[BlackElo "1996"]

1. d4 Nf6 2. Nf3 e6 3. Bf4 c5 4. e3 Qb6 5. Na3 cxd4 6. exd4 Bxa3 7. bxa3 Qa5+ 8. Bd2 Qxa3 9. Bd3 b6 10.
O-O Ba6 11. Bxa6 Qxa6 12. Re1 Nc6 13. Bf4 O-O 14. Bd6 Rfe8 15. a3 Qc4 16. Qd2 Qd5 17. Bf4 Rac8 18. Qd3 Ne7 19. Ne5 Ng6 20.
Nxg6 hxg6 21. Rac1 Qc4 22. Qd2 Qc3 23. Qd1 Nd5 24. Be5 f6 25. Bd6 Kf7 26. h4 Rh8 27. g3 Rc4 28. Qe2 Rxd4 29.
Qa6 Qc6 30. c4 Nc7 31. Bxc7 Qxc7 32. c5 bxc5 33. Rb1 Rb8 34. Rxb8 Qxb8 35. Qe2 Qb3 36.
h5 Qd3 37. hxg6+ Kxg6 38. Qb2 Qd2 39. Qb1+ Kf7 40. Rf1 c4 41. Qb7 c3 42. Qxa7 c2 43. Qc5 Qd1 0-1

[Event "Vetern-SM 50+ 2025"]
[Site "Uppsala, Sweden"]
[Date "2025.06.30"]
[Round "3.4"]
[White "Persson, Lars"]
[Black "Helin, Mikael"]
[Result "0-1"]
[TimeControl "90 min for 40 move + 30 min with an increment of 30 sec starting move 1"]
[BlackTitle "CM"]
[WhiteFideId "1703579"]
[BlackFideId "1703838"]
[WhiteElo "2041"]
[BlackElo "1929"]

1. d4 d6 2. e4 Nf6 3. Nc3 e5 4. dxe5 dxe5 5. Qxd8+ Kxd8 6. Bg5 c6 7. O-O-O+ Kc7 8. Bc4 Bc5 9.
f3 Rf8 10. a3 a6 11. Nge2 b5 12. Ba2 Nbd7 13. b4 Bd6 14. Kb2 a5 15. bxa5 Rxa5 16. Nb1 Nb6 17. Nec3 Be6 18. Be3 Nfd7 19.
Bxe6 fxe6 20. Rd3 Nc4+ 21. Kb3 Rfa8 22. a4 Nxe3 23. Rxe3 b4 24. Ne2 Rxa4 25. Kb2 Bc5 26. Rd3 Nb6 27.
Rhd1 Nc4+ 28. Kb3 Nd6 29. Ng3 Bd4 30. Nh5 c5 31. c3 c4+ 32. Kb2 Ra2+ 33. Kc1 b3 0-1

[Event "Vetern-SM 50+ 2025"]
[Site "Uppsala, Sweden"]
[Date "2025.06.30"]
[Round "3.5"]
[White "Warston, Hakan"]
[Black "Johansen, Peter"]
[Result "0-1"]
[TimeControl "90 min for 40 move + 30 min with an increment of 30 sec starting move 1"]
[WhiteFideId "1717367"]
[BlackFideId "1723944"]
[WhiteElo "1667"]
[BlackElo "2104"]

1. d4 d5 2. c4 c6 3. Nf3 Nf6 4. Nc3 a6 5. cxd5 cxd5 6. Bf4 Nc6 7. h3 e6 8. a3 Ne4 9. e3 Qa5 10.
Rc1 Nxc3 11. bxc3 Bxa3 12. Rc2 b5 13. Nd2 Be7 14. Nb3 Qd8 15. Bd3 Na5 16. Nxa5 Qxa5 17. O-O Bb7 18. Qg4 g6 19.
Qg3 Rc8 20. Bd6 Qd8 21. Bxe7 Qxe7 22. f4 Rc7 23. Rb1 Bc8 24. Qe1 Qd6 25. Qc1 Bb7 26. Qb2 O-O 27. Rbc1 f6 28. Qb4 Rd8 29.
Kf2 Kf7 30. g4 Ke7 31. h4 Rdc8 32. Qxd6+ Kxd6 33. Ke2 e5 34. Kd2 exf4 35. exf4 Rg8 36. g5 Rf7 37. Rf1 fxg5 38. hxg5 Bc8 39.
Ke3 Re8+ 40. Kf3 Kc6 41. Re2 Rxe2 42. Kxe2 Kb6 43. Kf3 Re7 44. Rf2 Rc7 45. Rc2 Bf5 46. Ke3 b4 47. Bxf5 gxf5 48.
Kd3 Rxc3+ 49. Rxc3 bxc3 50. Kxc3 Kb5 51. Kb3 a5 0-1

[Event "Vetern-SM 50+ 2025"]
[Site "Uppsala, Sweden"]
[Date "2025.06.30"]
[Round "3.6"]
[White "Karlsson, Patrik"]
[Black "Ljung, Rickard"]
[Result "0-1"]
[TimeControl "90 min for 40 move + 30 min with an increment of 30 sec starting move 1"]
[WhiteFideId "1710834"]
[BlackFideId "1740156"]
[WhiteElo "1923"]
[BlackElo "1972"]

1. e4 d6 2. d4 Nf6 3. Nc3 g6 4. Be3 Nc6 5. h3 e5 6. d5 Ne7 7. g4 Bg7 8. Be2 a6 9. g5 Nd7 10.
Qd2 b6 11. h4 b5 12. h5 Nb6 13. h6 Bf8 14. b3 Ng8 15. Bd3 Be7 16. O-O-O Nd7 17. Nh3 Nc5 18. Rdf1 Nxd3+ 19. cxd3 Bd7 20.
f4 Qc8 21. Ng1 f5 22. Qh2 b4 23. Nce2 c6 24. fxe5 cxd5+ 25. Kb1 Bb5 26. Rd1 Qc7 27. Bd4 Rc8 28. Nc1 dxe4 29. dxe4 Qc6 30.
Re1 Bxg5 31. exd6 Bxc1 32. exf5+ Kd7 33. Nf3 Qxf3 34. Rxc1 Qe4+ 35. Ka1 Qxd4+ 36. Qb2 Rxc1+ 37. Rxc1 Qxb2+ 38. Kxb2 Nxh6 0-1

[Event "Vetern-SM 50+ 2025"]
[Site "Uppsala, Sweden"]
[Date "2025.06.30"]
[Round "3.7"]
[White "Hedin, Niclas"]
[Black "Gromark, Jonas"]
[Result "0-1"]
[TimeControl "90 min for 40 move + 30 min with an increment of 30 sec starting move 1"]
[WhiteFideId "1720708"]
[BlackFideId "137122733"]
[WhiteElo "1953"]
[BlackElo "1822"]

1. d4 Nf6 2. Nf3 c5 3. e3 d5 4. dxc5 Qa5+ 5. Nbd2 Bg4 6. c4 e6 7. Be2 Bxf3 8. Bxf3 Qxc5 9. O-O Bd6 10.
cxd5 exd5 11. Nb3 Qc4 12. e4 Nc6 13. Bg5 O-O 14. Rc1 Qa4 15. Bxf6 gxf6 16. exd5 Ne5 17. Nd4 Qd7 18. Be4 Ng6 19.
Qh5 Rfe8 20. Bb1 Re5 21. Nf5 Bf8 22. Rc3 Bg7 23. Rh3 Kf8 24. Qf3 Qxd5 25. Qa3+ Kg8 26. Nxg7 Kxg7 27. Rd3 Qc6 28.
Rd6 Qe8 29. Qd3 Re6 30. Rd4 Rc8 31. h3 Rec6 32. Qd2 Qe5 33. Rd5 0-1

[Event "Vetern-SM 50+ 2025"]
[Site "Uppsala, Sweden"]
[Date "2025.06.30"]
[Round "3.8"]
[White "Lundberg, Daniel"]
[Black "Uneson, Marcus"]
[Result "1-0"]
[TimeControl "90 min for 40 move + 30 min with an increment of 30 sec starting move 1"]
[WhiteFideId "1759264"]
[BlackFideId "1730509"]
[WhiteElo "1838"]
[BlackElo "2118"]

1. Nf3 e6 2. g3 d5 3. Bg2 Nf6 4. c4 c6 5. b3 Bd6 6. Bb2 O-O 7. O-O Nbd7 8. cxd5 exd5 9. d3 Re8 10.
Nbd2 Qe7 11. Re1 a5 12. e4 dxe4 13. Nxe4 Nxe4 14. Rxe4 Qd8 15. Qe2 Rxe4 16. dxe4 Nf8 17. Rd1 Qe7 18.
Qd3 Bc7 19. Qc3 f6 20. e5 fxe5 21. Nxe5 a4 22. Nxc6 bxc6 23. Bxc6 Ba5 24. Qd4 Ne6 25. Qd5 Rb8 26. Qxa5 1-0

[Event "Vetern-SM 50+ 2025"]
[Site "Uppsala, Sweden"]
[Date "2025.07.01"]
[Round "4.1"]
[White "Vernersson, Per"]
[Black "Gamback, Bjorn"]
[Result "1/2-1/2"]
[TimeControl "90 min for 40 move + 30 min with an increment of 30 sec starting move 1"]
[BlackTitle "CM"]
[WhiteFideId "1700863"]
[BlackFideId "1703161"]
[WhiteElo "2258"]
[BlackElo "1996"]

1. d4 Nf6 2. c4 e6 3. Nf3 c5 4. e3 d5 5. Nc3 a6 6. a3 dxc4 7. dxc5 Qxd1+ 8. Kxd1 Bxc5 9. Bxc4 b5 10.
Bd3 Bb7 11. Ke2 Ke7 12. b4 Bd6 13. Bb2 Nbd7 14. h3 Nb6 15. e4 e5 16. Nd2 Rac8 17. Rac1 Rc7 18. Na2 Rhc8 19. Rxc7+ Rxc7 20.
Nc3 Bc8 21. Ke3 Be6 22. Rc1 Kd7 23. Ne2 Rxc1 24. Nxc1 Ne8 25. Be2 Kc6 26. Ncb3 f6 27. Na5+ Kc7 28. Bd1 g6 29. Bb3 Ng7 30.
Bxe6 Nxe6 31. g3 Ng5 32. h4 Ne6 33. Kd3 Nd7 34. Nf1 Kb6 35. Ne3 Nec5+ 36. Ke2 Nxe4 37. Nd5+ Ka7 38. Ke3 f5 39.
g4 Nef6 40. Nxf6 Nxf6 41. gxf5 Ng4+ 42. Ke4 Nf6+ 43. Kd3 Kb6 44. fxg6 hxg6 45. Bc1 Nd5 46. Nb3 Kc6 47. Bg5 Nb6 48.
Nd2 Kd5 49. f3 Ke6 50. Bd8 1/2-1/2